AoeStats
← 陟遐自迩

Arabia

506857097Analyzed
4v4 RM · 17d ago on Sep 15, 2026· 34m 5s· 8 players
Game mode
Random Map
Map size
Large (8 player)
Population
200
Speed
Normal
Resources
Standard
Victory
Conquest
Starting age
Dark Age
Ending age
Imperial Age
RankedLock teamsTeams togetherTeam positionsShared explorationLock speedFull tech treeHidden civsTurbo modeCheats
Victory
Defeat
🇩🇪 Magyars · Germany
1182
+13
🇨🇳 Ethiopians · China
1159
+13
🇨🇳 Khmer · China
1148
+14
🇳🇿 Italians · New Zealand
1063
+17
🇨🇳 Franks · China
1143
-16
🇲🇽 Hindustanis · Mexico
1103
-14
🇩🇪 Muisca · Germany
1097
-14
🇪🇸 Teutons · Spain
1064
-13
TheRev9426
7:11 Loom
9:25 Feudal Age
13:12 Double-Bit Axe
19:34 Castle Age
27:45 Bow Saw
28:27 Horse Collar
30:31 Wheelbarrow
29:43 Town Watch
31:07 Gold Mining
34:39 Imperial Age
33:28 Fletching
kiko1994
8:59 Loom
11:14 Feudal Age
11:44 Man-at-Arms
15:01 Double-Bit Axe
15:31 Arson
22:36 Castle Age
21:48 Forging
23:42 Long Swordsman
26:06 Wheelbarrow
25:32 Gambesons
25:42 Gold Mining
25:57 Elite Skirmisher
29:17 Fletching
陟遐自迩
0:44 Loom
12:37 Feudal Age
15:38 Wheelbarrow
14:48 Horse Collar
18:17 Champi Runner
21:58 Castle Age
20:50 Double-Bit Axe
20:58 Stone Mining
22:14 Gold Mining
23:55 Bow Saw
23:47 Heavy Plow
25:51 Gold Shaft Mining
26:37 Squires
27:55 Stone Shaft Mining
33:49 Imperial Age
33:08 Fletching
33:19 Padded Archer Armor
33:29 Forging
33:20 Scale Mail Armor
1627714649
6:55 Loom
9:43 Feudal Age
10:30 Double-Bit Axe
18:54 Gold Mining
23:00 Castle Age
21:40 Scale Barding Armor
22:41 Forging
23:43 Husbandry
24:08 Chain Barding Armor
24:31 Wheelbarrow
28:39 Gold Shaft Mining
29:24 Iron Casting
32:09 Hand Cart
32:23 Bow Saw
XZ.Lumber.AX
2:23 Loom
11:04 Feudal Age
15:09 Castle Age
13:39 Double-Bit Axe
14:55 Stone Mining
17:19 Bow Saw
20:57 Horse Collar
22:00 Heavy Plow
23:45 Wheelbarrow
25:16 Gold Mining
26:06 Stone Shaft Mining
29:36 Imperial Age
26:39 Pikeman
28:12 Hand Cart
29:28 Gold Shaft Mining
29:15 Forging
30:22 Halberdier
31:50 Padded Archer Armor
32:25 Iron Casting
32:04 Heavy Scorpion
33:27 Double Crossbow
34:41 Chemistry
34:47 Crop Rotation
35:04 Ballistics
七七2025
6:58 Loom
9:15 Feudal Age
9:48 Double-Bit Axe
16:43 Wheelbarrow
17:14 Fletching
17:26 Padded Archer Armor
17:08 Horse Collar
21:43 Castle Age
19:54 Gold Mining
23:33 Bow Saw
22:46 Crossbowman
23:55 Bodkin Arrow
24:17 Leather Archer Armor
26:10 Heavy Plow
27:29 Ballistics
27:56 Heavy Plow
31:20 Hand Cart
30:58 Stone Mining
Frosty zockt
11:18 Feudal Age
11:16 Loom
15:25 Castle Age
13:50 Double-Bit Axe
13:46 Horse Collar
22:31 Bow Saw
23:39 Wheelbarrow
23:06 Heavy Plow
22:53 Town Watch
23:15 Stone Mining
23:24 Gold Mining
24:55 Hand Cart
25:42 Gold Shaft Mining
25:14 Scale Barding Armor
26:19 Chain Barding Armor
27:44 Bloodlines
30:13 Imperial Age
28:00 Bloodlines
28:01 Husbandry
28:00 Treadmill Crane
31:31 Plate Barding Armor
30:18 Cavalier
31:23 Conscription
32:24 Crop Rotation
33:18 Two-Man Saw
33:00 Paladin
EmmaZNZ
12:04 Feudal Age
12:08 Man-at-Arms
17:33 Double-Bit Axe
20:26 Loom
27:13 Castle Age
25:54 Fletching
25:58 Horse Collar
27:31 Gold Mining
27:17 Crossbowman
27:53 Bodkin Arrow
28:29 Padded Archer Armor
28:40 Bow Saw
30:22 Leather Archer Armor
31:19 Stone Mining
33:57 Wheelbarrow
Connection lost

Rejoining the realm…

Still unreachable

The connection could not be restored.

Session expired

The server has moved on; the page needs a fresh start.